 Dungeon Crawl Stone Soup version 0.30-a0-1160-g6e42c06551 (webtiles) character file.

Game seed: 4799544212243313341

6164 qeuew the Covert (level 10, -3/51 HPs)
             Began as a Spriggan Hunter on Apr 25, 2023.
             Slain by a two-headed ogre
             ... wielding a +0 giant spiked club
              (30 damage)
             ... on level 9 of the Dungeon.
             The game lasted 00:10:05 (6531 turns).

qeuew the Covert (Spriggan Hunter)                  Turns: 6531, Time: 00:10:06

Health: -3/51      AC:  3    Str: 13    XL:     10   Next: 60%
Magic:  11/11      EV: 24    Int: 13    God:
Gold:   474        SH:  0    Dex: 23    Spells: 9/9 levels left

rFire   . . .        b - +7 arbalest of Sharp Defence {penet, rElec rPois rN+ Int+2}
rCold   . . .        (shield currently unavailable)
rNeg    + . .        c - +1 robe
rPois   +            (helmet restricted)
rElec   +            (no cloak)
rCorr   .            (gloves unavailable)
SInv    +            (boots unavailable)
Will    +....        (no amulet)
Stlth   ++++++       y - +6 ring of strength
HPRegen 0.28/turn    (no ring)
MPRegen 0.12/turn

%: no passive effects
@: very quick
A: very small, no large weapons, unfitting armour, see invisible, speed 3
a: no special abilities


You were on level 9 of the Dungeon.
You visited 1 branch of the dungeon, and saw 9 of its levels.
You also visited: Sewer and Ossuary.

You collected 474 gold pieces.

Inventory:

Hand Weapons
 b - the +7 arbalest of Sharp Defence (weapon) {penet, rElec rPois rN+ Int+2}
   (You acquired it on level 3 of the Dungeon)

   Int:       It affects your intelligence (+2).
   rElec:     It insulates you from electricity.
   rPois:     It protects you from poison.
   rN:        It protects you from negative energy.
 i - the +7 short sword "Reggoh" {venom, Will- Str+3 Dex+5}
   (You found it on level 2 of the Dungeon)

   Str:       It affects your strength (+3).
   Dex:       It affects your dexterity (+5).
   Will:      It decreases your willpower.
Missiles
 a - a throwing net
Armour
 c - a +1 robe (worn)
Jewellery
 h - an amulet of reflection
 t - a ring of wizardry
 y - a +6 ring of strength (left hand)
Wands
 e - a wand of mindburst (25)
 k - a wand of iceblast (26)
Scrolls
 d - 3 scrolls of blinking
 g - 5 scrolls of teleportation
 q - a scroll of enchant armour
 r - 2 scrolls of enchant weapon
 x - a scroll of fog
Potions
 f - a potion of flight
 j - 7 potions of curing
 l - a potion of magic
 n - 3 potions of invisibility
 o - a potion of haste
 p - a potion of berserk rage
 u - 3 potions of heal wounds
 w - 2 potions of might
 z - a potion of mutation
 C - a potion of resistance


   Skills:
 + Level 5.0 Fighting
 + Level 5.8 Short Blades
 * Level 9.3 Ranged Weapons
 + Level 8.0 Dodging
 * Level 12.8 Stealth
 + Level 6.5 Evocations


You had 9 spell levels left.
You didn't know any spells.
Your spell library contained the following spells:

 Spells                   Type           Power      Damage    Failure   Level
 Freeze                   Ice            0%         1d3       30%         1
 Magic Dart               Conj           0%         1d3       30%         1
 Sandblast                Erth           0%         2d4       30%         1
 Call Imp                 Summ           0%         N/A       43%         2
 Ensorcelled Hibernation  Hex/Ice        0%         N/A       43%         2
 Passwall                 Tmut/Erth      0%         N/A       43%         2
 Scorch                   Fire           0%         2d5       43%         2
 Frozen Ramparts          Ice            0%         1d1       67%         3
 Hailstorm                Conj/Ice       0%         3d3       67%         3
 Mephitic Cloud           Conj/Pois/Air  0%         N/A       67%         3
 Spider Form              Tmut/Pois      0%         N/A       67%         3
 Stone Arrow              Conj/Erth      0%         3d7       67%         3
 Flame Wave               Conj/Fire      0%         2d4       97%         4
 Olgreb's Toxic Radiance  Pois           0%         N/A       97%         4
 Summon Ice Beast         Ice/Summ       0%         N/A       97%         4
 Eringya's Noxious Bog    Tmut/Pois      0%         N/A       100%        6
 Summon Cactus Giant      Summ           0%         N/A       100%        6
 Chain Lightning          Conj/Air       0%         N/A       100%        9
 Fire Storm               Conj/Fire      0%         5d1       100%        9
 Shatter                  Erth           0%         3d5*      100%        9


Dungeon Overview and Level Annotations

Branches:
Dungeon (9/15)             Temple (0/1) D:7             Orc (0/2) D:9
  Sewer (visited)         Ossuary (visited)
   Lair: D:8-11

Altars:
Ashenzari
Elyvilon
Hepliaklqana
Makhleb
Wu Jian
Yredelemnul

Shops:
D:2 [

Annotations:
D:5 5 runed translucent doors
D:9 3 runed translucent doors, iambehindu's ghost, novice MiBe


Innate Abilities, Weirdness & Mutations

You are very small and have problems with some larger weapons.
You are too small for most types of armour.
You have supernaturally acute eyesight. (SInv)
You cover ground extremely quickly. (Speed+++)


Message History

d - 3 scrolls of blinking (gained 1)
Items here: ( ))) [[ ††.
Items here: ( )) ††.
No target in view!
Items here: )) [ ††.
No target in view!
Items here: ( )) †.
No target in view!
Found a stone staircase leading up.
No target in view!
Found a dagger.
Things that are here:
a +0 dagger; 7 poisoned darts; a kobold corpse No target in view!
You see here a +0 dagger.
Found a staircase to the Orcish Mines.
No target in view!
There is a staircase to the Orcish Mines here.
Found a falchion.
No target in view!
Found a runed translucent gate.
There's something in the way.
Iambehindu's ghost turns its malevolent gaze towards you.
The jelly quivers.
The slime creature quivers.
A two-headed ogre comes into view.
It is wielding two +0 giant spiked clubs.
You shoot a bolt. The two-headed ogre shouts in stereo!
The bolt pierces through the two-headed ogre.
The two-headed ogre is lightly wounded.
A two-headed ogre is nearby!
You shoot a bolt.
The bolt pierces through the two-headed ogre!!
The two-headed ogre is heavily wounded.
You shoot a bolt.
The bolt pierces through the two-headed ogre!
The two-headed ogre is almost dead.
The two-headed ogre hits you with a +0 giant spiked club!! x2
Ouch! That really hurt!
You die...

# .#
##############.#.#
#.........##@....#
#####.).........O#####
....#..........#.#
###.#..........#.#
#............#..
###.........#####
####.###### #...###
#.....#


You could see a two-headed ogre.

Vanquished Creatures
  Erica (D:9)
  A hornet (D:9)
  Grinder (D:5)
  2 wyverns (D:8)
  Sigmund (D:3)
  6 yaks (D:8)
  A water moccasin (D:7)
  Pargi (D:3)
  An ice beast (D:7)
  An ogre (D:5)
  4 centaurs
  A phantom (D:7)
  8 kobold brigands
  4 bullfrogs
  7 scorpions (Ossuary)
  8 wights
  3 killer bees (D:8)
  A howler monkey (D:7)
  3 centaur zombies (Ossuary)
  A jelly (D:5)
  2 sleepcaps (D:5)
  2 hounds (D:5)
  2 human zombies (Ossuary)
  3 orc priests
  5 iguanas
  5 scorpion zombies (Ossuary)
  6 orc wizards
  3 mummies (Ossuary)
  Robin (D:3)
  11 gnolls
  15 adders
  A river rat (Sewer)
  2 shadow imps (D:8)
  A white imp (D:8)
  An ufetubus (D:4)
  6 worms
  A dart slug (D:4)
  11 orcs
  10 endoplasms
  3 giant cockroaches
  A gnoll zombie (Ossuary)
  14 goblins
  4 hobgoblins
  7 quokkas
  8 ball pythons
  4 bats
  A frilled lizard (D:2)
  3 hobgoblin zombies (Ossuary)
  16 kobolds
  5 orc zombies (Ossuary)
  7 rats
  A spectral hobgoblin (D:7)
218 creatures vanquished.

Notes
Turn   | Place    | Note
-------+----------+-------------------------------------------
     0 | D:1      | qeuew the Spriggan Hunter began the quest for the Orb.
     0 | D:1      | Reached XP level 1. HP: 10/10 MP: 2/2
    61 | D:1      | Reached skill level 2 in Stealth
   316 | D:1      | Reached XP level 2. HP: 15/15 MP: 3/3
   405 | D:1      | Found a faded altar of an unknown god.
   832 | D:2      | Reached XP level 3. HP: 14/18 MP: 4/4
   835 | D:2      | Reached skill level 3 in Stealth
   951 | D:2      | Found Xouhigab's Armour Shop.
  1097 | D:2      | Identified the +7 short sword "Reggoh" {venom, Will- Str+3
                  | Dex+5}
  1262 | D:3      | Noticed Sigmund
  1268 | D:3      | Killed Sigmund
  1269 | D:3      | Reached skill level 1 in Short Blades
  1269 | D:3      | Reached skill level 5 in Ranged Weapons
  1269 | D:3      | Reached skill level 4 in Stealth
  1269 | D:3      | Reached XP level 4. HP: 23/23 MP: 5/5
  1269 | D:3      | Reached XP level 5. HP: 27/27 MP: 6/6
  1405 | D:3      | Reached skill level 5 in Stealth
  1537 | D:3      | Noticed Pargi
  1547 | D:3      | Killed Pargi
  1548 | D:3      | Reached XP level 6. HP: 14/32 MP: 7/7
  1639 | D:3      | Noticed Robin
  1745 | D:3      | Killed Robin
  2035 | D:3      | Identified a scroll of acquirement
  2035 | D:3      | Acquired the +7 arbalest of Sharp Defence {penet, rElec
                  | rPois rN+ Int+2}
  2121 | D:4      | Reached skill level 6 in Stealth
  2121 | D:4      | Reached skill level 1 in Evocations
  2123 | D:4      | Reached XP level 7. HP: 35/35 MP: 8/8
  2172 | D:4      | Found an ornate altar of the Wu Jian Council.
  2559 | D:5      | Entered Level 5 of the Dungeon
  2574 | D:5      | Reached skill level 7 in Stealth
  2593 | D:5      | Noticed Grinder
  2596 | D:5      | Killed Grinder
  2597 | D:5      | Reached skill level 5 in Dodging
  2658 | D:5      | Reached XP level 8. HP: 40/40 MP: 9/9
  2845 | D:5      | Reached skill level 8 in Stealth
  2886 | D:5      | Found a runed translucent door.
  2892 | D:5      | Found the +9 staff of Olgreb {rPois∞}
  2898 | D:5      | Found a runed translucent door.
  2909 | D:5      | Found a basalt altar of Yredelemnul.
  3176 | D:5      | Found a runed translucent gate.
  3176 | D:5      | Found a runed translucent gate.
  3190 | D:5      | Found a runed translucent gate.
  3355 | D:6      | Found a glowing drain.
  3370 | Sewer    | Entered a sewer
  3677 | Sewer    | Reached skill level 9 in Stealth
  4086 | D:6      | Reached XP level 9. HP: 45/45 MP: 10/10
  4445 | D:7      | Got the Commentary on the Subzero Snake
  4571 | D:7      | Found a staircase to the Ecumenical Temple.
  4621 | D:7      | Reached skill level 10 in Stealth
  4691 | D:7      | Found a sand-covered staircase.
  4700 | Ossuary  | Entered an ossuary
  4848 | Ossuary  | Reached skill level 5 in Evocations
  5054 | D:7      | Found a hazy altar of Hepliaklqana.
  5097 | D:7      | Reached skill level 11 in Stealth
  5104 | D:7      | Found a white marble altar of Elyvilon.
  5150 | D:7      | Reached skill level 5 in Short Blades
  5191 | D:7      | Found a broken altar of Ashenzari.
  5191 | D:7      | Found a burning altar of Makhleb.
  5701 | D:8      | Reached XP level 10. HP: 51/51 MP: 11/11
  5743 | D:8      | Reached skill level 12 in Stealth
  6306 | D:9      | Noticed Erica
  6321 | D:9      | Killed Erica
  6355 | D:9      | Reached skill level 5 in Fighting
  6475 | D:9      | Found a staircase to the Orcish Mines.
  6512 | D:9      | Found a runed translucent gate.
  6512 | D:9      | Found a runed translucent gate.
  6512 | D:9      | Found a runed translucent gate.
  6514 | D:9      | Noticed iambehindu's ghost (novice MiBe)
  6528 | D:9      | Noticed a two-headed ogre
  6531 | D:9      | Slain by a two-headed ogre

Illustrated notes

Levels and vault maps discovered:
D:1:      dpeg_arrival_tiny_a, layout_basic, shapermc_ecumenical_altar_pompeii
D:2:      layout_basic, serial_shops, shop
D:3:      layout_basic, chequers_decorated_corner, kennysheep_generic_room_7,
          uniq_pargi, uniq_sigmund, uniq_robin
D:4:      layout_rooms, mainiacjoe_overflow_tiny_flanked,
          minmay_tree_intersection
D:5:      layout_loops_ring, mainiacjoe_overflow_concentric_impassable,
          minmay_guarded_unrand_staff_of_olgreb, uniq_grinder
D:6:      layout_basic, cheibrodos_sewer_entry_bend, kennysheep_generic_room_3
D:7:      layout_loops_ring, mainiacjoe_overflow_boulevard,
          gammafunk_temple_overflow_elements,
          nicolae_hepliaklqana_monster_ancestors, minmay_temple_entry_offerings,
          chequers_ossuary_entry_cave
D:8:      layout_cave_pods
D:9:      layout_roguey, zin_scriptorium, mainiacjoe_overflow_catwalk,
          gammafunk_ghost_ooze, minmay_diamond_spiral, uniq_maggie, uniq_erica

Skill      XL: |  1  2  3  4  5  6  7  8  9 10 |
---------------+-------------------------------+-----
Stealth        | 2 4 5 6 7 9 11 12 | 12.8
Dodging        | 3 4 5 6 7 8 |  8.0
Fighting       | 2 3 4 5 |  5.0
Short Blades   | 1 2 3 4 5 |  5.8
Ranged Weapons | 5 6 7 8 9 |  9.3
Evocations     | 1 2 4 5 6 |  6.5

Action                     |  1- 3 |  4- 6 |  7- 9 | 10-12 || total
---------------------------+-------+-------+-------+-------++-------
  Melee: Short sword       |       |     3 |     7 |    12 ||    22
   Fire: Shortbow          |    80 |    63 |       |       ||   143
         Arbalest          |       |     6 |   283 |    61 ||   350
    Use: Scroll            |     2 |     9 |    13 |       ||    24
         Potion            |       |     1 |     4 |       ||     5
 Armour: Robe              |     1 |     4 |    15 |     3 ||    23
  Dodge: Dodged            |    27 |    57 |   131 |    46 ||   261

Table legend: (Time is in decaauts)
 A = Elapsed time spent in this place.
 B = Non-inter-level travel time spent in this place.
 C = Inter-level travel time spent in this place.
 D = Time resting spent in this place.
 E = Time spent auto-exploring this place.
 F = Levels seen in this place.
 G = Mean time per level.
                   A        B        C        D        E       F      G
               +--------+--------+--------+--------+--------+-----+--------+
         Total |   4842 |   4693 |    149 |     99 |   3467 |  11 |  440.2 |
       Dungeon |   4057 |   3908 |    149 |     99 |   2988 |   9 |  450.8 |
         Sewer |    535 |    535 |      0 |      0 |    379 |   1 |  535.0 |
       Ossuary |    248 |    248 |      0 |      0 |     99 |   1 |  248.0 |
               +--------+--------+--------+--------+--------+-----+--------+

Top non-repeatable levels by time:
     D:3: 714 daAuts
     D:8: 550 daAuts
   Sewer: 535 daAuts
     D:7: 527 daAuts
     D:6: 523 daAuts
     D:1: 457 daAuts
     D:5: 443 daAuts
     D:2: 322 daAuts
     D:4: 320 daAuts
 Ossuary: 248 daAuts
     D:9: 197 daAuts
